 Dungeon Crawl Stone Soup version 0.31.0-9-g3a7656b989 (webtiles) character file.

Game seed: 8572927189894052954

297 qw the Skirmisher (level 6, -4/35 HPs)
             Began as a Deep Elf Hunter on Feb 2, 2024.
             Incinerated by a bombardier beetle (6 damage)
             ... with a burning spray
             ... on level 5 of the Dungeon.
             The game lasted 00:00:13 (2629 turns).

qw the Skirmisher (Deep Elf Hunter)                 Turns: 2629, Time: 00:00:14

Health: -4/35      AC:  8    Str: 14    XL:     6   Next: 12%
Magic:  0/0        EV: 12    Int: 14    God:
Gold:   188        SH:  0    Dex: 18    Spells: 5/5 levels left

rFire   . . .        a - +0 shortbow
rCold   + . .        (shield currently unavailable)
rNeg    + . .        k - +0 ring mail
rPois   .            c - +2 helmet
rElec   .            (no cloak)
rCorr   .            (no gloves)
SInv    .            (no boots)
Will    .....        (no amulet)
Stlth   +            b - ring "Holack" {rC+ rN+ MP-9 Str+4 Stlth+}
HPRegen 0.25/turn    (no ring)
MPRegen 0.07/turn

%: no passive effects
@: on fire, glowing
A: no striking features
a: no special abilities


You were on level 5 of the Dungeon.
You visited 1 branch of the dungeon, and saw 5 of its levels.

You collected 188 gold pieces.


   Skills:
 - Level 2.0 Fighting
 + Level 9.3 Ranged Weapons
 - Level 3.0 Dodging
 - Level 1.2 Stealth


You had 5 spell levels left.
You didn't know any spells.
Your spell library was empty.

Inventory:

Hand Weapons
 a - a +0 shortbow (weapon)
Armour
 c - a +2 helmet (worn)
 k - a +0 ring mail (worn)
Jewellery
 b - the ring "Holack" (left hand) {rC+ rN+ MP-9 Str+4 Stlth+}
   (You found it on level 2 of the Dungeon)

   [ring of positive energy]

   Str+4:     It affects your strength (+4).
   rC+:       It protects you from cold.
   rN+:       It protects you from negative energy.
   MP-9:      It affects your magic capacity (-9).
   Stlth+:    It makes you more stealthy.
Wands
 m - a wand of acid (7)
Potions
 d - a potion of might {unknown}
 e - a potion of curing
 f - a potion of ambrosia {unknown}
 g - a potion of lignification {unknown}
 h - a potion of mutation {unknown}
 j - a potion of heal wounds {unknown}
 l - a potion of resistance {unknown}

Dungeon Overview and Level Annotations

Branches:
Dungeon (4/15)
 Temple: D:4-7

Altars:
Wu Jian
Zin

Annotations:
D:4 2 transporters


Message History

A ball python is nearby!
A ball python is nearby!
Enter note: A malevolent force fills the Dungeon...
You fall into a shaft and drop 1 floor!
The shaft crumbles and collapses.
Found a bubbling black potion.
Waypoint 4 assigned to D:5.
A bombardier beetle comes into view.
You shoot an arrow. The arrow hits the bombardier beetle.
The bombardier beetle is lightly wounded.
You shoot an arrow.
The arrow closely misses the bombardier beetle.
You shoot an arrow. The arrow hits the bombardier beetle.
The bombardier beetle is lightly wounded.
You shoot an arrow. The arrow hits the bombardier beetle.
The bombardier beetle is moderately wounded.
You shoot an arrow. The arrow hits the bombardier beetle.
The bombardier beetle is severely wounded.
The bombardier beetle sprays incendiary fluid at you.
The burning spray hits you.
You are covered in liquid fire!
You shoot an arrow.
The arrow closely misses the bombardier beetle.
The liquid fire burns you!
You shoot an arrow. The arrow hits the bombardier beetle.
The bombardier beetle is severely wounded.
The liquid fire burns you!
You shoot an arrow. The arrow hits the bombardier beetle.
You kill the bombardier beetle!
The liquid fire burns you!
You have reached level 6!
You are on fire!
The liquid fire burns you!
You are on fire!
The liquid fire burns you!
You are on fire!
The liquid fire burns you!
You are on fire!
The liquid fire burns you!
You die...

## ..... .....
.... #.... .....
....##...##....#
....#..........#
...............#
...............
#........#
##..##...@.!.#
............##
###..........#
#.....#......#
#................
....#........#...
..###.##....##...
. #. .....# .. ##
.....


There were no monsters in sight!

Vanquished Creatures
  2 bombardier beetles
  Terence (D:2)
  Robin (D:2)
  9 adders
  4 gnolls (D:4)
  3 dart slugs
  2 ribbon worms
  2 orcs (D:3)
  3 ball pythons
  6 endoplasms
  2 giant cockroaches (D:2)
  5 hobgoblins
  2 quokkas
  2 bats
  A frilled lizard (D:3)
  10 goblins
  13 kobolds
  2 rats
70 creatures vanquished.

Notes
Turn   | Place    | Note
-------+----------+-------------------------------------------
     0 | D:1      | qw the Deep Elf Hunter began the quest for the Orb.
     0 | D:1      | Reached XP level 1. HP: 12/12 MP: 3/3
     0 | D:1      | 0 ||| qw: Version: 0.3-a-155-g5e7d8dd
     0 | D:1      | 0 ||| qw: Game counter: 2491
     0 | D:1      | 0 ||| qw: Melee chars always use a shield: true
     0 | D:1      | 0 ||| qw: God list: Okawaru
     0 | D:1      | 0 ||| qw: Allow faded altars: false
     0 | D:1      | 0 ||| qw: Do Orc after clearing Dungeon:15 true
     0 | D:1      | 0 ||| qw: Do second Lair branch before Depths: true
     0 | D:1      | 0 ||| qw: Lair rune preference: random
     0 | D:1      | 0 ||| qw: Goals: Normal
     0 | D:1      | 0 ||| PLANNING D:1-11
   376 | D:1      | Reached skill level 6 in Ranged Weapons
   376 | D:1      | Reached XP level 2. HP: 16/16 MP: 4/4
   585 | D:1      | 585 ||| READING scroll labelled UCKASOSEOM.
   585 | D:1      | 585 ||| IDENTIFYING fuming sapphire potion
   586 | D:1      | 586 ||| READING 2 scrolls labelled AWNIRA GOFESATH.
   587 | D:1      | 587 ||| DROPPING scroll of butterflies.
   588 | D:1      | 588 ||| DROPPING scroll of blinking.
   605 | D:2      | Noticed Robin
   606 | D:2      | 606 ||| STAIRDANCE
   671 | D:2      | Identified the ring "Holack" {rC+ rN+ MP-9 Str+4 Stlth+}
   713 | D:2      | Noticed Terence
   726 | D:2      | Killed Terence
   727 | D:2      | Reached XP level 3. HP: 15/20 MP: 5/5
   728 | D:2      | Reached skill level 7 in Ranged Weapons
   819 | D:2      | Reached XP level 4. HP: 24/25 MP: 6/6
   898 | D:2      | Killed Robin
   899 | D:2      | 899 ||| FLEEEEING.
   900 | D:2      | 900 ||| FLEEEEING.
   901 | D:2      | 901 ||| FLEEEEING.
   902 | D:2      | 902 ||| FLEEEEING.
   903 | D:2      | 903 ||| STAIRDANCE
   918 | D:1      | 918 ||| UPGRADING to +0 scale mail.
   928 | D:1      | 928 ||| DROPPING +0 leather armour.
   929 | D:1      | 929 ||| UPGRADING to ring "Holack" {rC+ rN+ MP-9 Str+4
                  | Stlth+}.
   932 | D:2      | 932 ||| STAIRDANCE
   936 | D:1      | HP: 5/25 [goblin/+0 club[Robin] (4)]
  1019 | D:2      | 1019 ||| STAIRDANCE
  1113 | D:2      | Reached skill level 8 in Ranged Weapons
  1168 | D:2      | Reached XP level 5. HP: 29/29 MP: 0/7
  1384 | D:2      | 1384 ||| UPGRADING to +2 helmet.
  1389 | D:2      | 1389 ||| READING 2 scrolls labelled TEUMEU TOTO.
  1390 | D:2      | 1390 ||| READING scroll labelled KAUXKU CYLOBOTROWK.
  1390 | D:2      | 1390 ||| ENCHANTING +0 shortbow.
  1391 | D:2      | 1391 ||| READING scroll labelled GAOLIMME SURU.
  1397 | D:2      | 1397 ||| DROPPING scroll of fog.
  1426 | D:3      | 1426 ||| STAIRDANCE
  1429 | D:2      | HP: 6/29 [burnt (5)]
  1561 | D:3      | Reached skill level 9 in Ranged Weapons
  1687 | D:3      | 1687 ||| FLEEEEING.
  2145 | D:3      | Identified the +8 mace of Integrity {elec, *Slow rElec
                  | Int+2}
  2216 | D:3      | 2216 ||| UPGRADING to +0 ring mail.
  2226 | D:3      | 2226 ||| DROPPING +0 scale mail.
  2227 | D:3      | 2227 ||| READING scroll labelled FAXZIO MUXO.
  2270 | D:4      | Found a transporter.
  2277 | D:4      | Found a transporter.
  2352 | D:4      | Found a glowing silver altar of Zin.
  2355 | D:4      | Found an ornate altar of the Wu Jian Council.
  2378 | D:4      | Reached skill level 3 in Dodging
  2381 | D:4      | 2381 ||| FLEEEEING.
  2382 | D:4      | 2382 ||| FLEEEEING.
  2383 | D:4      | 2383 ||| FLEEEEING.
  2384 | D:4      | 2384 ||| FLEEEEING.
  2385 | D:4      | 2385 ||| FLEEEEING.
  2386 | D:4      | 2386 ||| FLEEEEING.
  2387 | D:4      | 2387 ||| FLEEEEING.
  2388 | D:4      | 2388 ||| FLEEEEING.
  2389 | D:4      | 2389 ||| FLEEEEING.
  2390 | D:4      | 2390 ||| FLEEEEING.
  2391 | D:4      | 2391 ||| FLEEEEING.
  2392 | D:4      | 2392 ||| FLEEEEING.
  2393 | D:4      | 2393 ||| FLEEEEING.
  2394 | D:4      | 2394 ||| FLEEEEING.
  2395 | D:4      | 2395 ||| FLEEEEING.
  2396 | D:4      | 2396 ||| STAIRDANCE
  2430 | D:3      | 2430 ||| READING scroll labelled SEXAG SOAHIAF.
  2431 | D:3      | 2431 ||| READING scroll labelled YMNACU OBINOKK.
  2615 | D:4      | You fall into a shaft and drop 1 floor!
  2615 | D:5      | Entered Level 5 of the Dungeon
  2626 | D:5      | Reached XP level 6. HP: 18/35 MP: 0/8
  2627 | D:5      | HP: 8/35 [burnt (6)]
  2628 | D:5      | HP: 2/35 [burnt (6)]
  2629 | D:5      | Incinerated by a bombardier beetle

Levels and vault maps discovered:
D:1:      wander_arrival_desolate, layout_loops_ring
D:2:      layout_rooms, uniq_terence, uniq_robin
D:3:      layout_basic, minmay_misc_feat_alley
D:4:      gammafunk_wand_slinger, layout_loops_ring,
          chequers_temple_overflow_statue_of_worship, sigmund_edmund_badplayer
D:5:      layout_cave_pools, uniq_pikel, uniq_crazy_yiuf_cottage, uniq_ijyb

Skill      XL: |  1  2  3  4  5 |
---------------+----------------+-----
Ranged Weapons | 6 7 8 9 |  9.3
Fighting       | 2 |  2.0
Dodging        | 3 |  3.0
Stealth        | |  1.2

Action                     |  1- 3 |  4- 6 || total
---------------------------+-------+-------++-------
   Fire: Shortbow          |    83 |   195 ||   278
    Use: Scroll            |     2 |     6 ||     8
 Armour: Leather armour    |    14 |    11 ||    25
         Scale mail        |       |    41 ||    41
         Ring mail         |       |    13 ||    13
  Dodge: Dodged            |    25 |    61 ||    86

Table legend:
 A = Non-vault XP
 B = Vault XP
 C = Vault XP percentage of total XP
 D = Non-vault monster count
 E = Vault monster count
 F = Vault count percentage of total count
                 A         B        C        D         E       F
            +---------+---------+-------+---------+---------+-------
      Total |     354 |      71 |  16.7 |      58 |      12 |  17.1
            +---------+---------+-------+---------+---------+-------
        D:1 |      15 |       6 |  28.6 |       9 |       4 |  30.8
        D:2 |     126 |      65 |  34.0 |      24 |       8 |  25.0
        D:3 |      99 |       0 |   0.0 |      16 |       0 |   0.0
        D:4 |      66 |       0 |   0.0 |       8 |       0 |   0.0
        D:5 |      48 |       0 |   0.0 |       1 |       0 |   0.0
            +---------+---------+-------+---------+---------+-------
